 Dungeon Crawl Stone Soup version 0.27.0-1-g7a089689b8 (webtiles) character file.

Game seed: 8048997168582774845

10857 bnorton916 the Destroyer (level 11, -2/54 HPs)
             Began as a Deep Elf Conjurer on Aug 4, 2021.
             Was a Follower of Vehumet.
             Succumbed to an orange demon's poison
             ... on level 9 of the Dungeon.
             The game lasted 00:37:30 (20673 turns).

bnorton916 the Destroyer (Deep Elf Conjurer)       Turns: 20673, Time: 00:37:31

Health: -2/54      AC:  7    Str:  5    XL:     11   Next: 41%
Magic:  16/26      EV: 12    Int: 26    God:    Vehumet [*.....]
Gold:   451        SH:  0    Dex: 13    Spells: 8/28 levels left

rFire    . . .     SeeInvis .   z - +2 dagger (venom)
rCold    . . .     Faith    .   (no shield)
rNeg     . . .     Spirit   .   I - +1 steam dragon scales
rPois    .         Reflect  .   (no helmet)
rElec    .         Harm     .   l - +0 cloak
rCorr    .         Rampage  .   (no gloves)
Will     +....                  (no boots)
Stlth    ++........             (no amulet)
HPRegen  0.18/turn              (no ring)
MPRegen  0.20/turn              (no ring)

@: lethally poisoned (-2 -> -34), slowed, very slow
A: no striking features
a: Renounce Religion


You were on level 9 of the Dungeon.
You worshipped Vehumet.
Vehumet was aware of your devotion.
You visited 2 branches of the dungeon, and saw 10 of its levels.
You also visited: Sewer and Bailey.

You collected 667 gold pieces.
You spent 216 gold pieces at shops.

Inventory:

Hand Weapons
 k - a +1 dagger of speed
 z - a +2 dagger of venom (weapon)
Missiles
 a - a curare-tipped dart
 x - 236 stones
 G - 3 throwing nets
Armour
 l - a +0 cloak (worn)
 s - a +2 robe of positive energy
 E - a +2 kite shield of fire resistance
 F - a +0 crystal plate armour
 I - +1 steam dragon scales (worn)
Wands
 d - a wand of mindburst (5)
 y - a wand of flame (16)
 A - a wand of charming (5)
 L - a wand of acid (10)
Scrolls
 g - a scroll of immolation
 i - a scroll of summoning {unknown}
 o - 2 scrolls of blinking {unknown}
 p - 2 scrolls of noise
 q - a scroll of enchant armour {unknown}
 r - 4 scrolls of amnesia
 u - 2 scrolls of teleportation
 v - 2 scrolls of acquirement {unknown}
 B - a scroll of enchant weapon
 J - a scroll of torment {unknown}
 K - 2 scrolls of identify
Potions
 b - 4 potions of cancellation
 c - 4 potions of flight
 e - 3 potions of lignification
 f - 2 potions of curing
 h - a potion of attraction {unknown}
 j - 2 potions of berserk rage
 n - 2 potions of haste
 t - 2 potions of might
 w - a potion of mutation {unknown}
 C - a potion of invisibility {unknown}
 H - a potion of ambrosia {unknown}
Miscellaneous
 D - a piece from Xom's chessboard (15/15)


   Skills:
 - Level 2.4 Dodging
 - Level 2.4 Stealth
 - Level 9.2 Spellcasting
 + Level 11.1 Conjurations
 - Level 7.9 Hexes
 - Level 6.5 Translocations
 + Level 7.7 Fire Magic
 + Level 9.3 Earth Magic


You had 8 spell levels left.
You knew the following spells:

 Your Spells              Type           Power      Damage    Failure   Level
a - Magic Dart            Conj           100%       1d8       1%          1
b - Searing Ray           Conj           100%       3d7       1%          2
c - Fulminant Prism       Conj/Hex       28%        3d14      1%          4
d - Iskenderun's Mystic   Conj/Tloc      55%        2d12      1%          4
e - Stone Arrow           Conj/Erth      100%       3d13      1%          3
f - Bolt of Magma         Conj/Fire/Erth 28%        4d13      3%          5
g - Sandblast             Erth           100%       2d20      1%          1

Your spell library contained the following spells:

 Spells                   Type           Power      Damage    Failure   Level
 Passwall                 Tmut/Erth      30%        N/A       1%          2
 Dazzling Flash           Conj/Hex       100%       N/A       1%          3
 Freeze                   Ice            44%        1d6       4%          1
 Hailstorm                Conj/Ice       40%        3d10      4%          4
 Frozen Ramparts          Ice            22%        1d4       16%         3
 Swiftness                Air            11%        N/A       16%         3
 Silence                  Hex/Air        16%        N/A       26%         5
 Invisibility             Hex            26%        N/A       28%         6
 Summon Lightning Spire   Summ/Air       11%        N/A       45%         4
 Agony                    Necr           11%        N/A       80%         5
 Storm Form               Tmut/Air       5%         N/A       100%        7
 Maxwell's Capacitive Co  Air            5%         ∞         100%        8
 Shatter                  Erth           28%        3d24*     100%        9


Dungeon Overview and Level Annotations

Branches:
Dungeon (9/15)             Temple (1/1) D:6            Lair (0/6) D:8
  Sewer (visited)          Bailey (visited)
    Orc: D:9-12

Altars:
Ashenzari
Cheibriados
Dithmenos
Elyvilon
Fedhas
Gozag
Hepliaklqana
Kikubaaqudgha
Makhleb
Nemelex Xobeh
Okawaru
Qazlal
Ru
Sif Muna
Trog
Uskayaw
Vehumet
Wu Jian
Xom
Yredelemnul
Zin
The Shining One

Shops:
D:4 *   D:5 [   D:7 **   D:8 [

Annotations:
D:8 exclusion: orange crystal statue


Message History

The kobold brigand throws a curare-tipped dart.
The curare-tipped dart hits you.
You are more poisoned.
You have difficulty breathing.
You feel as though you will be slow longer.
Your fulminant prism explodes!
The blast of energy engulfs the kobold demonologist!!
The kobold demonologist is heavily wounded.
The blast of energy engulfs the ufetubus!!
You kill the ufetubus!
A kobold comes into view. It is wielding a +0 club.
A kobold comes into view. It is wielding a +0 short sword.
The kobold shouts!
You hear a shout! x3
You feel better.
The crimson imp disappears in a puff of smoke!
The kobold demonologist mumbles some strange words.
A kobold demonologist comes into view. It is wielding a +0 dagger.
The kobold brigand throws a curare-tipped dart.
The curare-tipped dart hits you.
You are poisoned.
You have difficulty breathing.
You feel as though you will be slow longer.
As you read the scroll of fear, it crumbles to dust.
You assume a fearsome visage.
The kobold demonologist looks frightened!
The kobold looks frightened! x4
The kobold demonologist looks frightened!
The orange demon is unaffected.
The kobold brigand looks frightened!
You feel very sick.
The orange demon stings you but does no damage.
You feel very sick. The orange demon stings you from afar!
* * * LOW HITPOINT WARNING * * *
The orange demon barely misses you.
You feel very sick. The orange demon stings you from afar.
* * * LOW HITPOINT WARNING * * *
You are lethally poisoned!
The orange demon poisons you!
You die...

#..# #.K# .# .K# #.#
##K## #.# .# ##.5.## #.#
.# #
##..)..######.##.###.#
##...).4.#.)..........#
###..........##.........#
..'........@.............
###..........##......##
##.......#.##...##.#
##.....##.##..##
##...###.##..###.##. ##
##+## #............ ##.#
#.# #####.####### #...#
#.# #.# .....##.##### #.#


You could see an orange demon (summoned), a kobold demonologist (fleeing), a
white imp (summoned) and a kobold.

Vanquished Creatures
  Harold (D:7)
  2 two-headed ogres (D:9)
  3 death yaks
  2 orc knights (Bailey)
  A cyclops (D:7)
  Maggie (D:7)
  Grinder (D:5)
  A hornet (D:9)
  4 yaks
  A wyvern (D:9)
  An acid dragon (D:8)
  3 water moccasins
  10 orc warriors
  3 sky beasts
  3 ice beasts
  A black bear (D:8)
  3 ogres
  2 centaurs (D:6)
  3 kobold brigands
  2 scorpions
  A water moccasin skeleton (D:6)
  15 wights
  5 howler monkeys
  A centaur zombie (D:9)
  A jelly (D:8)
  A bullfrog skeleton (D:3)
  A hound (D:6)
  A centaur skeleton (D:6)
  2 gnoll shamans
  2 iguanas
  6 orc wizards
  2 hell rats (D:8)
  2 howler monkey zombies
  10 gnolls
  2 howler monkey skeletons
  5 adders
  2 river rats
  3 shadow imps
  3 white imps
  An adder skeleton (D:4)
  A worm (Sewer)
  A dart slug (D:1)
  33 orcs
  4 bats
  12 endoplasms
  3 giant cockroaches
  11 goblins
  5 hobgoblins
  5 jackals
  6 quokkas
  7 ball pythons
  3 frilled lizards
  23 kobolds
  8 rats
236 creatures vanquished.

Vanquished Creatures (others)
  43 fulminant prisms
43 creatures vanquished.

Grand Total: 279 creatures vanquished

Notes
Turn   | Place    | Note
-------+----------+-------------------------------------------
     0 | D:1      | bnorton916 the Deep Elf Conjurer began the quest for the
                  | Orb.
     0 | D:1      | Reached XP level 1. HP: 10/10 MP: 6/6
   386 | D:1      | Reached XP level 2. HP: 15/15 MP: 4/8
  1177 | D:2      | Found a sparkling altar of Nemelex Xobeh.
  1244 | D:2      | Reached XP level 3. HP: 19/19 MP: 6/10
  1250 | D:2      | Reached skill level 5 in Conjurations
  1320 | D:2      | Learned a level 2 spell: Searing Ray
  1481 | D:2      | Found a faded altar of an unknown god.
  1626 | D:3      | Noticed an ogre
  1636 | D:3      | Killed an ogre
  1637 | D:3      | Reached skill level 5 in Spellcasting
  1637 | D:3      | Reached XP level 4. HP: 24/24 MP: 3/13
  1831 | D:3      | Reached XP level 5. HP: 28/28 MP: 8/14
  2427 | D:3      | Reached skill level 6 in Conjurations
  2617 | D:3      | Learned a level 4 spell: Fulminant Prism
  2622 | D:3      | Learned a level 4 spell: Iskenderun's Mystic Blast
  2626 | D:3      | Learned a level 3 spell: Stone Arrow
  3393 | D:4      | Reached skill level 1 in Hexes
  3449 | D:4      | Reached skill level 1 in Translocations
  3449 | D:4      | Reached skill level 1 in Earth Magic
  3449 | D:4      | Reached XP level 6. HP: 32/32 MP: 13/17
  3742 | D:4      | Found a glowing golden altar of the Shining One.
  3783 | D:4      | Found Ceiveqes's Lightly-Used Armoury.
  3784 | D:4      | Noticed a yak
  4427 | D:4      | Noticed a yak
  4428 | D:4      | Noticed a yak
  4428 | D:4      | Noticed a yak
  4428 | D:4      | Noticed a yak
  4428 | D:4      | Noticed a yak
  4919 | D:3      | Killed a yak
  4920 | D:3      | Reached XP level 7. HP: 11/36 MP: 6/18
  5326 | D:4      | Found a basalt altar of Yredelemnul.
  5328 | D:4      | Noticed a profane servitor
  5334 | D:4      | Noticed an angel
  5378 | D:4      | Killed a yak
  5439 | D:4      | Killed a yak
  5442 | D:4      | Killed a yak
  5443 | D:4      | Reached skill level 7 in Conjurations
  6071 | D:5      | Entered Level 5 of the Dungeon
  6122 | D:5      | Noticed Grinder
  6128 | D:5      | Killed Grinder
  6129 | D:5      | Reached XP level 8. HP: 29/41 MP: 13/21
  6138 | D:5      | Found Hunao's Antique Armour Boutique.
  6147 | D:5      | Bought a glowing robe for 92 gold pieces
  6207 | D:5      | Found a glowing drain.
  6271 | Sewer    | Entered a sewer
  7496 | D:5      | Reached skill level 5 in Hexes
  8064 | D:5      | Found a blossoming altar of Fedhas.
  8074 | D:5      | Found a hide-covered altar of Uskayaw.
  8079 | D:5      | Found an ancient bone altar of Kikubaaqudgha.
  8495 | D:6      | Reached XP level 9. HP: 45/45 MP: 12/23
  8496 | D:6      | Reached skill level 8 in Conjurations
  8496 | D:6      | Reached skill level 5 in Translocations
  8792 | D:6      | Learned a level 5 spell: Bolt of Magma
  8810 | D:6      | Reached skill level 5 in Earth Magic
  8853 | D:6      | Found a staircase to the Ecumenical Temple.
  8865 | Temple   | Entered the Ecumenical Temple
  8957 | Temple   | Became a worshipper of Vehumet
 10268 | D:6      | Reached skill level 1 in Fire Magic
 10756 | D:7      | Found Duxzonki's General Store.
 10764 | D:7      | Bought 2 potions of curing for 60 gold pieces
 10764 | D:7      | Bought a scroll of identify for 20 gold pieces
 10764 | D:7      | Bought a scroll of identify for 20 gold pieces
 10803 | D:7      | Found a flagged portal.
 10815 | Bailey   | Entered a bailey
 11634 | Bailey   | Noticed an orc knight
 11674 | Bailey   | Killed an orc knight
 11957 | Bailey   | Noticed an orc knight
 12689 | Bailey   | Killed an orc knight
 12690 | Bailey   | Reached XP level 10. HP: 50/50 MP: 1/25
 12934 | Bailey   | Reached skill level 9 in Conjurations
 13369 | D:7      | Noticed Harold
 13382 | D:7      | Noticed Maggie
 13570 | D:7      | Found Wiezalett's Profane Products.
 13956 | D:7      | Killed Harold
 14591 | D:7      | Noticed a cyclops
 14598 | D:7      | Killed a cyclops
 14599 | D:7      | Reached skill level 5 in Fire Magic
 14603 | D:7      | Killed Maggie
 15270 | D:8      | Found Ziafooby's Antique Armour Boutique.
 15348 | D:8      | Found a sparkling altar of Nemelex Xobeh.
 15358 | D:8      | Found a burning altar of Makhleb.
 15376 | D:8      | Reached skill level 10 in Conjurations
 15516 | D:8      | Reached * piety under Vehumet
 15516 | D:8      | Offered knowledge of Sandblast by Vehumet.
 15519 | D:8      | Learned a level 1 spell: Sandblast
 15725 | D:8      | Found a hazy altar of Hepliaklqana.
 16033 | D:8      | Noticed a death yak
 16044 | D:8      | Noticed a death yak
 16583 | D:7      | Killed a death yak
 16785 | D:8      | Noticed a death yak
 17413 | D:7      | Killed a death yak
 17414 | D:7      | Reached XP level 11. HP: 7/54 MP: 21/26
 17940 | D:7      | Bought 24 stones for 24 gold pieces
 18262 | D:8      | Found a staircase to the Lair.
 18826 | D:8      | Killed a death yak
 19204 | D:8      | Noticed an orange crystal statue
 19553 | D:9      | Noticed a two-headed ogre
 19560 | D:9      | Killed a two-headed ogre
 20419 | D:9      | Noticed a two-headed ogre
 20426 | D:9      | Killed a two-headed ogre
 20427 | D:9      | Reached skill level 11 in Conjurations
 20673 | D:9      | Succumbed to an orange demon's poison

Illustrated notes

Levels and vault maps discovered:
D:1:      erik_arrival_triangle_small, layout_loops_ring
D:2:      layout_rooms, ebering_ecumenical_altar_abandoned, basic_altar,
          chequers_serial_rivers_large_b
D:3:      layout_loops_cross, minivault_26, moated_statue
D:4:      layout_basic, grunt_temple_overflow_holy_war, minmay_fountain_box,
          minmay_shop_damaged
D:5:      layout_loops_ring, minmay_overflow_temple_star_quad,
          portal_sewer_entry_d, serial_shops, nicolae_shop_overgrown_old_shop,
          uniq_grinder
D:6:      layout_basic, minmay_temple_entry_fiery
D:7:      layout_cave_pools, enter_bailey_3, serial_shops,
          nicolae_stop_n_shop_2, nicolae_evil_shop, uniq_harold, uniq_maggie
D:8:      minmay_statue_hallways, layout_loops_ring, mainiacjoe_overflow_paths,
          amethyst_overflow_temple_binary, dpeg_lair_monsters, serial_shops,
          nicolae_take_the_stairs
D:9:      layout_loops_corners, kennysheep_kite_vault, uniq_pikel
Temple:   zaba_magenta_temple

Skill      XL: |  1  2  3  4  5  6  7  8  9 10 11 |
---------------+----------------------------------+-----
Spellcasting   | 4 5 6 7 8 9 |  9.2
Conjurations   | 5 6 7 8 10 11 | 11.1
Hexes          | 1 2 4 5 7 |  7.9
Translocations | 1 2 3 4 6 |  6.5
Earth Magic    | 1 2 3 4 6 8 9 |  9.3
Fire Magic     | 3 6 7 |  7.7
Dodging        | |  2.4
Stealth        | |  2.4

Action                   |  1- 3 |  4- 6 |  7- 9 | 10-12 || total
-------------------------+-------+-------+-------+-------++-------
Melee: Dagger            |       |       |     2 |     1 ||     3
 Cast: Magic Dart        |    55 |    84 |   143 |   140 ||   422
       Searing Ray       |     2 |    10 |    36 |    23 ||    71
       Iskenderun's Myst |       |     2 |     3 |    31 ||    36
       Fulminant Prism   |       |       |    28 |    15 ||    43
       Stone Arrow       |       |       |     8 |     2 ||    10
       Bolt of Magma     |       |       |       |    29 ||    29
       Sandblast         |       |       |       |     1 ||     1
Evoke: Wand              |       |       |     1 |     2 ||     3
  Use: Scroll            |       |       |    16 |     2 ||    18
       Potion            |       |       |     2 |     2 ||     4
Armor: Robe              |     2 |     2 |     8 |     1 ||    13
       Steam dragon scal |       |       |       |    10 ||    10
Dodge: Dodged            |     7 |    15 |    37 |    36 ||    95
